 Dungeon Crawl Stone Soup version 0.30-b1-2-g02819fbbbe (webtiles) character file.

Game seed: 5485503008264207333

95492 Konrad the Tortoise (level 15, -5/147 HPs)
             Began as a Minotaur Hunter on Jan 8, 2024.
             Was an Initiate of Gozag.
             Slain by an ettin (illusionary)
             ... wielding a +0 dire flail
              (9 damage)
             ... while paralysed by a floating eye
             ... on level 1 of the Depths on Jan 9, 2024.
             The game lasted 01:57:47 (31840 turns).

Konrad the Tortoise (Minotaur Hunter)              Turns: 31840, Time: 01:57:51

Health: -5/147     AC: 30    Str: 31    XL:     15   Next: 66%
Magic:  12/14      EV:  2    Int:  6    God:    Gozag
Gold:   959        SH:  0    Dex: 18    Spells: 14/14 levels left

rFire   + . .        u - +2 triple crossbow (flame)
rCold   + . .        (shield currently unavailable)
rNeg    + . .        p - +3 plate armour {Will+}
rPois   +            R - -2 hat of the Alchemist {rElec rPois rF+ rC+ rN+ Will+ rMut rCorr}
rElec   +            N - +2 cloak
rCorr   +            M - +1 pair of gloves {infuse}
SInv    .            g - +3 pair of boots "Qaibeo" {rCorr}
Will    +++..        n - amulet of regeneration Stlth
                     K - +6 ring of strength
HPRegen 1.24/turn    q - +6 ring of strength
MPRegen 0.14/turn

%: resist mutation, infuse magic (1 MP)
@: paralysed, gold aura
A: horns 2, retaliatory headbutt, passive freeze, MP-powered wands
a: Renounce Religion, Potion Petition, Call Merchant, Bribe Branch


You were on level 1 of the Depths.
You worshipped Gozag.
Gozag was pleased with you.
You visited 5 branches of the dungeon, and saw 23 of its levels.
You also visited: Sewer and Gauntlet.

You collected 7026 gold pieces.
You spent 3161 gold pieces at shops.
You paid 2906 gold pieces to Gozag.

Inventory:

Hand Weapons
 b - a +2 heavy long sword
 s - the +10 falchion "Kig Sea" {flame, rC+ Will+}
   (You found it in a Gauntlet)

   rC:        It protects you from cold.
   Will:      It increases your willpower.
 u - a +2 triple crossbow of flaming (weapon)
 Q - the +10 whip of Sulphur {flame, rN+ rCorr Int+3}
   (You found it on level 1 of the Lair of Beasts)

   Int:       It affects your intelligence (+3).
   rN:        It protects you from negative energy.
   rCorr:     It protects you from acid and corrosion.
Armour
 g - the +3 pair of boots "Qaibeo" (worn) {rCorr}
   (You bought it in a shop on level 2 of the Orcish Mines)

   rCorr:     It protects you from acid and corrosion.
 p - a +3 plate armour of willpower (worn)
 D - the +0 pair of gloves "Ruon" {Rampage rPois}
   (You found it in a Gauntlet)

   rPois:     It protects you from poison.
   Rampage:   It bestows one free step when moving towards enemies.
 I - a +2 buckler
 M - a +1 pair of gloves of infusion (worn)
 N - a +2 cloak (worn)
 R - the -2 hat of the Alchemist (worn) {rElec rPois rF+ rC+ rN+ Will+ rMut rCorr}
   (You found it on level 1 of the Lair of Beasts)

   rF:        It protects you from fire.
   rC:        It protects you from cold.
   rElec:     It insulates you from electricity.
   rPois:     It protects you from poison.
   rN:        It protects you from negative energy.
   rCorr:     It protects you from acid and corrosion.
   rMut:      It protects you from mutation.
   Will:      It increases your willpower.
Jewellery
 a - a +5 ring of evasion
 h - an amulet of guardian spirit
 n - an amulet of regeneration (around neck)
 q - a +6 ring of strength (right hand)
 t - an amulet of reflection
 w - a ring of ice
 K - a +6 ring of strength (left hand)
 S - a ring of resist corrosion
 V - a ring of fire
 Z - the ring of Disaster {rF+ rN+ Will- Stlth+}
   (You found it on level 4 of the Lair of Beasts)

   [ring of positive energy]

   rF:        It protects you from fire.
   rN:        It protects you from negative energy.
   Will:      It decreases your willpower.
   Stlth:     It makes you more stealthy.
Wands
 d - a wand of digging (10)
 j - a wand of roots (11)
 v - a wand of paralysis (18)
 B - a wand of acid (11)
 F - a wand of polymorph (8)
 H - a wand of mindburst (11)
 W - a wand of flame (7)
Scrolls
 c - 2 scrolls of fear
 r - a scroll of enchant weapon
 x - 3 scrolls of fog
 y - a scroll of butterflies {unknown}
 z - a scroll of blinking
 O - 4 scrolls of poison
 P - 6 scrolls of teleportation
 U - 6 scrolls of identify
 X - 3 scrolls of magic mapping
Potions
 e - a potion of berserk rage {unknown}
 f - 2 potions of resistance
 i - 4 potions of lignification
 k - a potion of invisibility
 l - 3 potions of cancellation
 m - 5 potions of mutation
 o - 6 potions of curing
 A - 4 potions of might
 C - 2 potions of ambrosia
 E - 2 potions of haste
 G - 2 potions of flight
 T - 2 potions of magic
 Y - a potion of heal wounds
Miscellaneous
 J - a phial of floods
 L - a piece from Xom's chessboard (15/15)


   Skills:
 * Level 17.1 Fighting
 - Level 5.8 Short Blades
 * Level 7.2 Maces & Flails
 - Level 17.0 Ranged Weapons
 * Level 17.4 Armour
 * Level 10.3 Dodging
 + Level 1.9 Stealth
 + Level 4.7 Shields
 + Level 0.3 Evocations


You had 14 spell levels left.
You didn't know any spells.
Your spell library contained the following spells:

 Spells                   Type           Power      Damage    Failure   Level
 Dazzling Flash           Conj/Hex       0%         N/A       100%        3
 Inner Flame              Hex/Fire       0%         N/A       100%        3
 Ozocubu's Armour         Ice            0%         N/A       100%        3
 Volatile Blastmotes      Fire/Tloc      0%         2d10      100%        3
 Flame Wave               Conj/Fire      0%         2d4       100%        4
 Fulminant Prism          Conj/Hex       0%         3d5       100%        4
 Iskenderun's Mystic Bla  Conj/Tloc      0%         2d3       100%        4
 Olgreb's Toxic Radiance  Pois           0%         N/A       100%        4
 Sticky Flame             Conj/Fire      0%         2d3       100%        4
 Lee's Rapid Deconstruct  Erth           0%         3d4*      100%        5
 Metabolic Englaciation   Hex/Ice        0%         N/A       100%        5
 Summon Forest            Summ/Tloc      0%         N/A       100%        5
 Summon Mana Viper        Hex/Summ       0%         N/A       100%        5
 Starburst                Conj/Fire      0%         6d3       100%        6
 Summon Cactus Giant      Summ           0%         N/A       100%        6
 Ozocubu's Refrigeration  Ice            0%         4d7       100%        7
 Discord                  Hex            0%         N/A       100%        8
 Ignition                 Fire           0%         3d3       100%        8
 Simulacrum               Ice/Necr       Unusable   N/A       N/A         6

Dungeon Overview and Level Annotations

Branches:
Dungeon (15/15)            Temple (0/1) D:7            Lair (4/5) D:9
  Swamp (0/4) Lair:3        Snake (0/4) Lair:2          Orc (2/2) D:10
    Elf (1/3) Orc:2        Vaults (0/5) D:14         Depths (1/4) D:15
  Sewer (visited)         Gauntlet (visited)
  Slime: Lair:4-5

Altars:
Ashenzari
Cheibriados
Dithmenos
Elyvilon
Fedhas
Gozag
Makhleb
Nemelex Xobeh
Okawaru
Qazlal
Ru
Sif Muna
Trog
Vehumet
Wu Jian
Xom
Zin
The Shining One

Shops:
D:3 !   D:6 *   D:9 [   D:15 =   Orc:2 [***=

Annotations:
Lair:4 2 transporters, Ufecve's ghost, journeyman DEEE


Innate Abilities, Weirdness & Mutations

You have a pair of horns on your head.
You reflexively headbutt those who attack you in melee.
A frigid envelope surrounds you and freezes all who hurt you.
You expend magic power (3 MP) to strengthen your wands.


Message History

You shoot a bolt.
The bolt hits the ettin but does no damage.
The ettin is severely wounded.
The ettin hits you with a +0 dire flail!
The ettin is very cold.
The ettin is severely wounded.
The ettin closely misses you. The rakshasa hits you with a +0 whip!
The ettin hits you but does no damage.
The ettin is very cold.
The ettin is severely wounded.
The ettin hits you but does no damage.
The ettin is very cold.
The ettin is severely wounded.
The ettin attacks as you move away!
The ettin hits you with a +0 dire flail!
The ettin is very cold.
The ettin is moderately wounded.
The ettin hits you with a +0 dire flail!!
The ettin is very cold.
The ettin is severely wounded.
The floating eye is no longer distracted by gold. x2
The rakshasa gestures at you. The lance of force hits you!!
* * * LOW HITPOINT WARNING * * *
You are knocked back by the lance of force.
You slam into the rock wall!
* * * LOW HITPOINT WARNING * * *
The floating eye gazes piercingly through you!
You suddenly lose the ability to move!
The floating eye's view fixates on you. x2
The ettin hits you with a +0 dire flail!!
* * * LOW HITPOINT WARNING * * *
The ettin is very cold.
The ettin is almost dead.
The ettin hits you with a +0 dire flail!
* * * LOW HITPOINT WARNING * * *
The ettin is very cold.
The ettin is almost dead.
The ettin hits you but does no damage.
The ettin hits you with a +0 dire flail!
You die...
Your body crumbles into a pile of gold.

#..............#.#.
#......#.#..##....#
#......##...##...#.
#......###..##....#
.#####..................
........##..............
........##.......#......
.#####..##.......##.....
#.@##.......##.....
##RCC#..............
##...................
##.G.≈≈≈≈≈.....##.....
#.$.≈≈###≈≈.... #.....
#.G.≈## #≈.... #.....
#..≈## #≈... #.)##.
#..≈# ≈... #..##. #..~#
... #..##.


You could see 2 ettins, a rakshasa and 2 floating eyes.

Vanquished Creatures
  Rupert (D:12)
  Kirke (D:15)
  Agnes (D:14)
  An orc warlord (Orc:1)
  A stone giant (Depths:1)
  A minotaur (Gauntlet)
  Josephine (D:14)
  2 ettins (Depths:1)
  A vault guard (D:14)
  4 ice dragons
  2 rakshasas (D:14)
  6 hydras
  Erica (D:10)
  3 centaur warriors
  3 boulder beetles
  3 deep troll shamans (Depths:1)
  A two-headed ogre (D:12)
  5 death yaks (Lair:4)
  A tengu warrior (D:13)
  2 deep troll earth magi (Depths:1)
  3 orc high priests (Orc:2)
  An iron troll (Depths:1)
  A deep elf knight (Orc:2)
  A flayed ghost (Depths:1)
  4 skeletal warriors (D:12)
  3 deep trolls
  A bog body (Lair:3)
  2 lindwurms (Lair:1)
  A wizard (D:15)
  The ghost of Tetas the Fighter, a novice DsGl (D:9)
  3 deep elf pyromancers
  6 orc knights
  3 wolf spiders
  7 ugly things
  5 cyclopes
  3 manticores
  6 orc sorcerers
  A guardian serpent (Lair:2)
  Maurice (Orc:2)
  6 elephants (Lair:3)
  A guardian serpent (shapeshifter) (D:14)
  A gargoyle (D:7)
  2 black mambas (Lair:1)
  An eye of devastation (Gauntlet)
  The ghost of diceflayer the Chopper, a novice DsFi (D:5)
  4 cane toads
  A torpor snail (Lair:2)
  5 kobold demonologists (D:12)
  8 komodo dragons
  An unseen horror (D:11)
  A yaktaur (D:14)
  A rime drake (Lair:3)
  2 efreet (D:15)
  5 tengu conjurers (D:13)
  2 yaktaurs (shapeshifter)
  3 meliai (D:15)
  9 trolls
  3 hornets (Gauntlet)
  A polar bear (D:12)
  5 blink frogs (Lair:4)
  A troll (shapeshifter) (D:13)
  A tarantella (Lair:1)
  Prince Ribbit (D:8)
  2 raiju (Gauntlet)
  A dream sheep (shapeshifter) (D:14)
  8 dream sheep
  4 slime creatures (D:14)
  3 centaur simulacra (D:12)
  4 spriggans (Lair:3)
  A water elemental (D:12)
  Sigmund (D:2)
  3 fire bats (Lair:3)
  4 wyverns
  2 vampires
  53 yaks
  5 wraiths
  4 hogs (D:15)
  A human (shapeshifter) (D:13)
  4 basilisks
  A golden eye (Gauntlet)
  2 steam dragons
  A redback (Lair:1)
  15 vampire mosquitoes
  8 wargs
  2 acid dragons (D:13)
  7 water moccasins
  2 floating eyes
  30 orc warriors
  An ice beast (D:7)
  A sky beast (D:5)
  2 black bears
  10 ogres
  3 centaurs
  20 wolves
  5 kobold brigands
  9 bullfrogs
  6 gnoll sergeants (D:10)
  Blork the orc (D:4)
  A scorpion (D:6)
  7 killer bees
  5 electric eels
  2 howler monkeys
  3 lava snakes (Lair:1)
  8 jellies
  18 orc priests
  3 hounds
  A sleepcap (D:7)
  Jessica (D:2)
  Ijyb (D:3)
  27 orc wizards
  4 iguanas
  A lightning spire (Gauntlet)
  A hell rat (Lair:3)
  10 adders
  8 gnolls
  A shadow imp (D:8)
  3 white imps
  An ufetubus (D:12)
  2 worms
  57 orcs
  9 ball pythons
  13 endoplasms
  7 giant cockroaches
  8 goblins
  18 hobgoblins
  10 jackals
  6 quokkas
  5 bats
  2 frilled lizards
  19 kobolds
  7 rats
655 creatures vanquished.

Vanquished Creatures (collateral kills)
  A frilled lizard (Sewer)
1 creature vanquished.

Vanquished Creatures (others)
  An orc (D:10)
  A ball python zombie (Sewer)
  11 fungi
  31 plants
44 creatures vanquished.

Grand Total: 700 creatures vanquished

Notes
Turn   | Place    | Note
-------+----------+-------------------------------------------
     0 | D:1      | Konrad the Minotaur Hunter began the quest for the Orb.
     0 | D:1      | Reached XP level 1. HP: 18/18 MP: 0/0
   267 | D:1      | Reached XP level 2. HP: 25/25 MP: 1/1
   386 | D:1      | Reached skill level 5 in Ranged Weapons
  1018 | D:3      | Reached XP level 3. HP: 30/30 MP: 2/2
  1110 | D:3      | Reached skill level 1 in Short Blades
  1153 | D:3      | Noticed Ijyb
  1234 | D:3      | Found a glowing drain.
  1240 | Sewer    | Entered a sewer
  1304 | Sewer    | Reached XP level 4. HP: 37/37 MP: 3/3
  1373 | Sewer    | Reached skill level 1 in Armour
  1403 | Sewer    | Found a viscous altar of Jiyva.
  1424 | Sewer    | Reached XP level 5. HP: 44/44 MP: 4/4
  1537 | D:3      | Killed Ijyb
  1632 | D:2      | Found an iron altar of Okawaru.
  1893 | D:2      | Reached XP level 6. HP: 49/51 MP: 5/5
  1916 | D:2      | Noticed Jessica
  1920 | D:2      | Killed Jessica
  2045 | D:2      | Found a faded altar of an unknown god.
  2063 | D:2      | Noticed Sigmund
  2072 | D:2      | Killed Sigmund
  2500 | D:3      | Found a radiant altar of Vehumet.
  2596 | D:3      | Gained mutation: You expend magic power (3 MP) to
                  | strengthen your wands. [potion of mutation]
  2596 | D:3      | Gained mutation: A frigid envelope surrounds you and
                  | freezes all who hurt you. [potion of mutation]
  2601 | D:3      | Found Eperiaf's Distillery.
  2664 | D:3      | Found a shimmering altar of Xom.
  2698 | D:3      | Found a bloodstained altar of Trog.
  2862 | D:4      | Reached XP level 7. HP: 56/57 MP: 6/6
  2890 | D:4      | Noticed Blork the orc
  2899 | D:4      | Killed Blork the orc
  3521 | D:4      | Found a burning altar of Makhleb.
  3612 | D:5      | Entered Level 5 of the Dungeon
  4063 | D:5      | Found a shimmering blue altar of Sif Muna.
  4210 | D:5      | Found a runed translucent door.
  4211 | D:5      | Noticed diceflayer's ghost (novice DsFi)
  4357 | D:5      | Found a white marble altar of Elyvilon.
  4384 | D:5      | Identified the +3 ring mail of Sif Muna's Grace {rC+ rCorr
                  | Stlth-}
  4669 | D:5      | Reached XP level 8. HP: 66/66 MP: 7/7
  4902 | D:5      | Killed diceflayer's ghost
  5095 | D:6      | Found an opulent altar of Gozag.
  5104 | D:6      | Became a worshipper of Gozag Ym Sagoz the Greedy
  5179 | D:6      | Reached skill level 10 in Ranged Weapons
  5315 | D:6      | Found Kuqagie's Lightly-Used Armoury.
  5322 | D:6      | Bought a -2 triple sword for 1 gold piece
  5322 | D:6      | Bought a -1 triple crossbow for 70 gold pieces
  5727 | D:6      | Reached skill level 5 in Fighting
  6316 | D:6      | Reached skill level 5 in Armour
  6638 | D:6      | Found a sacrificial altar of Ru.
  6641 | D:6      | Found a snail-covered altar of Cheibriados.
  6645 | D:6      | Found a shadowy altar of Dithmenos.
  6667 | D:6      | Reached skill level 5 in Short Blades
  6933 | D:7      | Reached XP level 9. HP: 61/74 MP: 8/8
  7029 | D:7      | Found a staircase to the Ecumenical Temple.
  7068 | D:7      | Noticed a gargoyle
  7111 | D:7      | Killed a gargoyle
  7493 | D:7      | Found a broken altar of Ashenzari.
  7905 | D:8      | You fall into a shaft and drop 1 floor!
  8027 | D:8      | Found a blossoming altar of Fedhas.
  8032 | D:8      | Noticed Prince Ribbit
  8041 | D:8      | Killed Prince Ribbit
  8046 | D:8      | Found a glowing golden altar of the Shining One.
  8933 | D:9      | Noticed Tetas's ghost (novice DsGl)
  8936 | D:9      | Found a runed translucent door.
  9195 | D:9      | Found an iron altar of Okawaru.
  9540 | D:9      | Found an ornate altar of the Wu Jian Council.
  9680 | D:9      | Found a staircase to the Lair.
  9689 | D:9      | Reached XP level 10. HP: 84/84 MP: 9/9
 10413 | D:9      | Killed Tetas's ghost
 10414 | D:9      | Reached skill level 1 in Shields
 10517 | D:10     | Entered Level 10 of the Dungeon
 10523 | D:10     | Noticed Erica
 11128 | D:10     | Found a stormy altar of Qazlal.
 11953 | D:10     | Killed Erica
 11954 | D:10     | Reached XP level 11. HP: 94/94 MP: 10/10
 12232 | D:10     | Found a staircase to the Orcish Mines.
 13450 | D:11     | Found a glowing silver altar of Zin.
 13780 | D:12     | Reached skill level 1 in Stealth
 14138 | D:12     | Noticed a two-headed ogre
 14147 | D:12     | Killed a two-headed ogre
 14148 | D:12     | Reached skill level 15 in Ranged Weapons
 14148 | D:12     | Reached skill level 5 in Dodging
 14558 | D:12     | Noticed a skeletal warrior
 14560 | D:12     | Noticed a skeletal warrior
 14564 | D:12     | Noticed a skeletal warrior
 14564 | D:12     | Noticed Rupert
 14907 | D:9      | Bought a +3 plate armour of willpower for 630 gold pieces
 15067 | D:3      | Bought a potion of heal wounds for 70 gold pieces
 15067 | D:3      | Bought a potion of might for 56 gold pieces
 15247 | Orc:1    | Entered Level 1 of the Orcish Mines
 15463 | D:10     | Reached skill level 10 in Armour
 15711 | Orc:1    | Noticed an orc sorcerer
 16026 | Orc:1    | Paralysed by an orc sorcerer for 2 turns
 16029 | Orc:1    | Killed an orc sorcerer
 16100 | Orc:1    | Noticed an orc knight
 16426 | D:10     | Killed an orc knight
 16427 | D:10     | Reached XP level 12. HP: 73/105 MP: 11/11
 16653 | Orc:1    | Found a burning altar of Makhleb.
 16730 | Orc:2    | Entered Level 2 of the Orcish Mines
 16730 | Orc:2    | Noticed an orc warlord
 16995 | Orc:2    | Found a staircase to the Elven Halls.
 17158 | Orc:2    | Noticed Maurice
 17166 | Orc:2    | Killed Maurice
 17804 | Orc:1    | Killed an orc warlord
 17805 | Orc:1    | Reached skill level 10 in Fighting
 18222 | Orc:2    | Noticed an orc high priest
 18666 | Orc:2    | Noticed an orc high priest
 18671 | Orc:2    | Killed an orc high priest
 18708 | Orc:2    | Noticed an orc high priest
 18712 | Orc:2    | Killed an orc high priest
 19099 | Orc:2    | Killed an orc high priest
 19286 | Orc:2    | Found Jixtig's Jewellery Emporium.
 19293 | Orc:2    | Found Bihe's Assorted Antiques.
 19304 | Orc:2    | Bought a +6 ring of strength for 360 gold pieces
 19309 | Orc:2    | Bought a scroll of identify for 52 gold pieces
 19309 | Orc:2    | Bought a shiny plate armour for 676 gold pieces
 19309 | Orc:2    | Bought an embroidered cloak for 195 gold pieces
 19309 | Orc:2    | Bought a scroll labelled LYUM FAAMN for 26 gold pieces
 19415 | Orc:2    | Found Ramnikun's General Store.
 19417 | Orc:2    | Found Zicropat's Antique Armour Emporium.
 19426 | Orc:2    | Bought a pair of glowing gloves for 172 gold pieces
 20161 | Elf:1    | Entered Level 1 of the Elven Halls
 20442 | Lair:1   | Entered Level 1 of the Lair of Beasts
 20459 | D:9      | Reached XP level 13. HP: 83/116 MP: 12/12
 20895 | Lair:1   | Found a runed translucent door.
 21413 | Lair:1   | Found the -2 hat of the Alchemist {rElec rPois rF+ rC+ rN+
                  | Will+ rMut rCorr}
 21435 | Lair:1   | Identified the +10 whip of Sulphur {flame, rN+ rCorr Int+3}
 21441 | Lair:1   | Found a runed translucent gate.
 21441 | Lair:1   | Found a runed translucent gate.
 21441 | Lair:1   | Found a runed translucent gate.
 21441 | Lair:1   | Found a runed translucent gate.
 21441 | Lair:1   | Found a runed translucent gate.
 21441 | Lair:1   | Found a runed translucent gate.
 21459 | Lair:1   | Reached skill level 1 in Maces & Flails
 21874 | Lair:2   | Found a gate leading to a gauntlet.
 21886 | Gauntlet | Entered a Gauntlet
 21886 | Gauntlet | Found a transporter.
 21893 | Gauntlet | Found a transporter.
 21895 | Gauntlet | Found a transporter.
 21906 | Gauntlet | Found a transporter.
 21909 | Gauntlet | Found a transporter.
 21917 | Gauntlet | Found a transporter.
 21933 | Gauntlet | Found a transporter.
 21938 | Gauntlet | Noticed a cacodemon
 21944 | Gauntlet | Found a transporter.
 21952 | Gauntlet | Found a runed translucent door.
 21955 | Gauntlet | Found a transporter.
 21959 | Gauntlet | Noticed a dire elephant
 21969 | Gauntlet | Found a transporter.
 21971 | Gauntlet | Found a transporter.
 21983 | Gauntlet | Found a transporter.
 22022 | Gauntlet | Found a runed translucent door.
 22025 | Gauntlet | Found a transporter.
 22039 | Gauntlet | Found a transporter.
 22289 | Gauntlet | Identified the +0 pair of gloves "Ruon" {Rampage rPois}
 22617 | Gauntlet | Identified the +0 helmet of the Kraken {rN+ Str+2 Dex+3}
 22626 | Gauntlet | Identified the +10 falchion "Kig Sea" {flame, rC+ Will+}
 22645 | Gauntlet | Noticed a minotaur
 22652 | Gauntlet | Killed a minotaur
 23056 | Lair:2   | Found a staircase to the Snake Pit.
 23775 | Lair:2   | You fall into a shaft and drop 2 floors!
 23796 | Lair:4   | Found a transporter.
 23800 | Lair:4   | Noticed Ufecve's ghost (journeyman DEEE)
 24011 | Lair:4   | Found a transporter.
 24804 | Lair:3   | Reached XP level 14. HP: 118/129 MP: 13/13
 25328 | Lair:3   | Found an ornate altar of the Wu Jian Council.
 25335 | Lair:3   | Found a staircase to the Swamp.
 25898 | Lair:4   | Identified the ring of Disaster {rF+ rN+ Will- Stlth+}
 26245 | Orc:2    | Bought a scroll of blinking for 97 gold pieces
 26268 | Orc:2    | Bought a scroll of enchant armour for 127 gold pieces
 26268 | Orc:2    | Bought the +3 pair of boots "Qaibeo" {rCorr} for 545 gold
                  | pieces
 26613 | D:12     | Reached skill level 5 in Maces & Flails
 26661 | D:12     | Killed Rupert
 27130 | D:12     | Reached skill level 15 in Armour
 27876 | D:13     | Reached skill level 15 in Fighting
 28231 | D:14     | Noticed Josephine
 28601 | D:14     | Killed Josephine
 28856 | D:14     | Reached XP level 15. HP: 118/141 MP: 14/14
 29230 | D:14     | Found a gate to the Vaults.
 29305 | D:15     | Entered Level 15 of the Dungeon
 29414 | D:15     | Noticed Agnes
 29425 | D:14     | Killed Agnes
 29426 | D:14     | Reached skill level 10 in Dodging
 29855 | D:15     | Noticed Kirke
 29867 | D:15     | Killed Kirke
 30314 | D:15     | Found a staircase to the Depths.
 31089 | D:3      | Bought a potion of curing for 42 gold pieces
 31089 | D:3      | Bought a potion of curing for 42 gold pieces
 31526 | Depths:1 | Entered Level 1 of the Depths
 31556 | Depths:1 | Paralysed by a floating eye for 3 turns
 31786 | Depths:1 | Found a sparkling altar of Nemelex Xobeh.
 31838 | Depths:1 | Paralysed by a floating eye for 4 turns
 31840 | Depths:1 | HP: 4/147 [ettin/+0 dire flail (11)]
 31840 | Depths:1 | Slain by an ettin (illusionary)

Illustrated notes

Levels and vault maps discovered:
D:1:      lightli_arrival_isolated_outpost, layout_loops_corners, st_stairs_6,
          serial_bayou_pond_d
D:2:      layout_basic, hellmonk_ecumenical_altar_dog_temple, basic_altar,
          uniq_jessica, uniq_sigmund
D:3:      layout_basic, nicolae_vehumet_altar_sigil, trog_book,
          xom_teletrap_fun, serial_shops, shop, portal_sewer_entry_e,
          chequers_hall_statues_wall_a, uniq_ijyb
D:4:      layout_loops_cross, marbit_many_paths, minivault_26,
          chequers_serial_rivers_small_b, minmay_misc_feat_five, chequers_jeans,
          uniq_blork_the_orc
D:5:      layout_basic, amcnicky_altar_gilded, general_overflow_altar,
          ebering_ghost_sewer_d
D:6:      layout_loops_corners, nicolae_gozag_seed_capital,
          grunt_temple_overflow_diamond, chequers_big_river,
          minmay_shop_damaged, amcnicky_mini_rare_corridor_liquid
D:7:      layout_loops_ring, mainiacjoe_overflow_six_doors_small, temple_pool_b,
          grunt_ministairs_5, sigmund_army
D:8:      layout_basic, mainiacjoe_overflow_cross_hatched, old_standard_altar,
          st_stairs_10, uniq_prince_ribbit1
D:9:      layout_layer_cave, mainiacjoe_overflow_brackets,
          mainiacjoe_overflow_alcove_1, david_lair_shrubbed,
          hellmonk_ghost_happy_afterlife, minmay_strange_pillars,
          feat_on_display
D:10:     layout_loops_ring, overflow_temple_1_default,
          kennysheep_orc_monster_closet_entryway, chequers_avenue, uniq_erica
D:11:     layout_roguey, nicolae_wwwww, zin_scriptorium
D:12:     layout_basic, serial_ice, serial_ice_b, serial_ice_f, serial_ice_i,
          serial_ice_e, hangedman_abyss_or_decor_lesser_grid, nooodl_orcs_dogs,
          uniq_rupert
D:13:     minmay_evil_eye, layout_irregular_city
D:14:     layout_cave_pools, david_vaults_4, kennysheep_generic_room_6,
          uniq_josephine
D:15:     grunt_enter_depths_hoard, layout_cave_pools,
          dreamdust_princess_bridge, uniq_kirke, uniq_agnes
Lair:1:   gammafunk_indiana_jones, layout_gridlike
Lair:2:   layout_big_grid, minmay_snake_entry_spellcaster,
          gauntlet_entry_generic, minivault_11
Lair:3:   wad_woods_settlement, layout_regular_city, skrybe_swamp_entry_bodies,
          nicolae_volcano_entry_batcave, basic_altar,
          chequers_serial_rivers_small_3, st_stairs_10
Lair:4:   layout_cave_shapes, gammafunk_ghost_arena
Orc:1:    layout_caves, basic_altar
Orc:2:    st_orc_elflike, layout_caves, uniq_maurice
Elf:1:    eino_elf_arrival_shootout, layout_loops_corners,
          nicolae_elf_big_sculpture_3
Depths:1: layout_long_grid, abyss_entry, nemelex_diamond_rough_becter,
          pf_coc_iceberg, nicolae_nh_oracle_at_delphi

Skill      XL: |  1  2  3  4  5  6  7  8  9 10 11 12 13 14 15 |
---------------+----------------------------------------------+-----
Ranged Weapons | 5 6 8 9 10 12 14 15 16 17 | 17.0
Short Blades   | 1 2 3 5 |  5.8
Armour         | 1 2 3 5 6 8 10 11 13 16 17 | 17.4
Fighting       | 3 4 5 6 7 9 11 13 15 17 | 17.1
Dodging        | 3 6 7 9 10 | 10.3
Shields        | 1 2 3 4 |  4.7
Stealth        | 1 |  1.9
Maces & Flails | 4 6 7 |  7.2
Evocations     | |  0.3

Action                     |  1- 3 |  4- 6 |  7- 9 | 10-12 | 13-15 || total
---------------------------+-------+-------+-------+-------+-------++-------
  Melee: Dagger            |    26 |    11 |    17 |       |       ||    54
         Headbutt          |     2 |     2 |    10 |     1 |    16 ||    31
         Punch             |     1 |       |       |       |     1 ||     2
         Triple sword      |       |       |     3 |       |       ||     3
         Long sword        |       |       |       |     3 |       ||     3
         Triple crossbow   |       |       |       |     7 |       ||     7
         Falchion          |       |       |       |       |    64 ||    64
   Fire: Shortbow          |    61 |   123 |   173 |       |       ||   357
         Triple crossbow   |       |       |    84 |   483 |   674 ||  1241
 Invoke: Call Merchant     |       |       |       |     1 |     2 ||     3
         Potion Petition   |       |       |       |     1 |       ||     1
  Evoke: Wand              |       |       |       |     3 |     2 ||     5
    Use: Scroll            |     4 |     7 |     7 |    13 |    16 ||    47
         Potion            |       |     1 |     1 |     7 |     9 ||    18
   Stab: Distracted        |       |       |       |       |     1 ||     1
 Armour: Scale mail        |    18 |       |       |       |       ||    18
         Plate armour      |    11 |    51 |    67 |   215 |   450 ||   794
  Dodge: Dodged            |    22 |    18 |    41 |   215 |   458 ||   754
  Block: Other             |       |       |    22 |   114 |    59 ||   195
         Reflection        |       |       |     3 |     8 |       ||    11
